 Dungeon Crawl Stone Soup version 0.30-a0-779-g7971cf19c3 (webtiles) character file.

Game seed: 244779791074427489

241 Pimp the Magician (level 5, -1/29 HPs)
             Began as a Deep Elf Venom Mage on Feb 17, 2023.
             Slain by Duvessa
             ... wielding a +0 short sword
              (10 damage)
             ... on level 4 of the Dungeon.
             The game lasted 00:09:06 (3212 turns).

Pimp the Magician (Deep Elf Venom Mage)             Turns: 3212, Time: 00:09:07

Health: -1/29      AC:  3    Str:  5    XL:     5   Next: 80%
Magic:  13/13      EV: 13    Int: 26    God:
Gold:   116        SH:  0    Dex: 17    Spells: 11/12 levels left

rFire   . . .      SeeInvis .    d - +4 dagger (venom)
rCold   . . .      Faith    .    (no shield)
rNeg    . . .      Spirit   .    a - +0 robe
rPois   .          Reflect  .    (no helmet)
rElec   .          Harm     .    (no cloak)
rCorr   .          Rampage  .    n - +0 pair of gloves
Will    .....                    (no boots)
Stlth   +++                      (no amulet)
HPRegen 0.24/turn                f - +6 ring of intelligence
MPRegen 0.13/turn                (no ring)

@: no status effects
A: no striking features
a: no special abilities


You were on level 4 of the Dungeon.
You visited 1 branch of the dungeon, and saw 4 of its levels.

You collected 116 gold pieces.

Inventory:

Hand Weapons
 d - a +4 dagger of venom (weapon)
 h - a +2 heavy hand axe
Missiles
 v - 2 poisoned darts
Armour
 a - a +0 robe (worn)
 n - a +0 pair of gloves (worn)
Jewellery
 f - a +6 ring of intelligence (left hand)
Wands
 s - a wand of polymorph (12)
 u - a wand of roots (13)
Scrolls
 c - 4 scrolls of identify {unknown}
 e - a scroll of brand weapon {unknown}
 g - 4 scrolls of teleportation {unknown}
 k - a scroll of enchant weapon {unknown}
 l - a scroll of vulnerability {unknown}
 o - a scroll of amnesia {unknown}
 p - a scroll of summoning {unknown}
 q - a scroll of magic mapping {unknown}
 t - a scroll of fog {unknown}
Potions
 b - 2 potions of magic
 i - a potion of lignification {unknown}
 j - a potion of berserk rage {unknown}
 m - a potion of resistance {unknown}
 r - 2 potions of brilliance {unknown}


   Skills:
 + Level 1.0 Fighting
 + Level 1.5 Axes
 + Level 3.3 Dodging
 + Level 4.0 Stealth
 + Level 4.4 Spellcasting
 + Level 2.1 Transmutations
 + Level 4.2 Poison Magic


You had 11 spell levels left.
You knew the following spells:

 Your Spells              Type           Power      Damage    Failure   Level
a - Sting                 Tmut/Pois      88%        1d7       2%          1

Your spell library contained the following spells:

 Spells                   Type           Power      Damage    Failure   Level
 Poisonous Vapours        Pois/Air       32%        N/A       5%          2
 Mephitic Cloud           Conj/Pois/Air  13%        N/A       14%         3
 Olgreb's Toxic Radiance  Pois           27%        N/A       14%         4


Dungeon Overview and Level Annotations

Branches:
Dungeon (4/15)
 Temple: D:4-7

Altars:
Sif Muna
Uskayaw
Wu Jian

Shops:
D:1 [   D:3 :

Annotations:
D:4 Duvessa


Message History

Confirm with . or Enter, or press ? or * to list all spells.
You can't see any susceptible monsters within range! (Use Z to cast anyway.) Unknown command.
Casting: Sting (safe; 2% risk of failure)
Confirm with . or Enter, or press ? or * to list all spells.
Aiming: Sting (safe; 2% risk of failure)
Press: ? - help, Shift-Dir - straight line, f/p - Dowan
Aim: Dowan, wielding a +4 dagger of venom and wearing a +0 robe (severely wounded, poisoned, 67% to hit)
The sting hits Dowan.
Dowan looks even sicker.
Dowan is almost dead.
You kill Dowan!
You hear a distant scream of rage.
Your Fighting skill increases to level 1!
An adder comes into view.
Found a stone staircase leading down.
Things that are here:
a +4 dagger of venom; a +0 robe; the elf corpse of Dowan
d - a +4 dagger of venom
There is a stone staircase leading up, spattered with blood here.
You climb upwards.
There is a stone staircase leading down here.
Your +4 dagger of venom begins to drip with poison!
d - a +4 dagger of venom (weapon)
You start resting.
Magic restored.
You start resting.
HP restored.
You climb downwards.
Duvessa goes berserk!
There is a stone staircase leading up, spattered with blood here.
Duvessa hits you with a +0 short sword! Duvessa barely misses you.
You hit Duvessa but do no damage.
Duvessa is poisoned.
Duvessa hits you with a +0 short sword! Duvessa closely misses you.
You hit Duvessa.
Duvessa looks as sick as possible!
Duvessa is lightly wounded.
Duvessa closely misses you. Duvessa attacks as you move away!
Duvessa hits you with a +0 short sword.
* * * LOW HITPOINT WARNING * * *
Duvessa hits you with a +0 short sword!
You die...

.......>....S
###.......#...#
...#..?........#
>.............#
..............##
.....#..........
........##...# #
....##....[.##.##
........@.........
..[.....e.....##..
..........###.$#
.........## #...
####.....# ####
#######


You could see Duvessa (berserk, extremely poisoned).

Vanquished Creatures
  Dowan (D:4)
  Natasha (D:2)
  3 gnolls (D:3)
  7 adders
  2 dart slugs
  2 orcs (D:3)
  7 endoplasms
  4 giant cockroaches
  6 hobgoblins
  3 jackals (D:2)
  2 quokkas
  5 ball pythons
  7 bats
  2 frilled lizards
  6 goblins
  6 kobolds
  9 rats
73 creatures vanquished.

Vanquished Creatures (others)
  3 plants (D:3)
3 creatures vanquished.

Grand Total: 76 creatures vanquished

Notes
Turn   | Place    | Note
-------+----------+-------------------------------------------
     0 | D:1      | Pimp the Deep Elf Venom Mage began the quest for the Orb.
     0 | D:1      | Reached XP level 1. HP: 10/10 MP: 6/6
   230 | D:1      | Reached XP level 2. HP: 15/15 MP: 6/8
   282 | D:1      | Found Vycudi's Antique Armour Boutique.
  1230 | D:2      | Reached XP level 3. HP: 8/19 MP: 7/10
  1849 | D:2      | Reached XP level 4. HP: 24/24 MP: 8/11
  2067 | D:2      | Noticed Natasha
  2073 | D:2      | Killed Natasha
  2228 | D:3      | Noticed a +0 dagger
  2228 | D:3      | Noticed a +0 hand axe
  2228 | D:3      | Found a hide-covered altar of Uskayaw.
  2292 | D:3      | Found a faded altar of an unknown god.
  2378 | D:3      | Reached XP level 5. HP: 26/28 MP: 11/13
  2405 | D:3      | Reached skill level 1 in Axes
  2686 | D:3      | Found a shimmering blue altar of Sif Muna.
  2688 | D:3      | Found an ornate altar of the Wu Jian Council.
  2808 | D:3      | Found Idudaf's Book Boutique.
  3114 | D:4      | Noticed Dowan
  3128 | D:4      | Killed Dowan
  3129 | D:4      | Reached skill level 1 in Fighting
  3207 | D:4      | Noticed Duvessa
  3212 | D:4      | Slain by Duvessa

Illustrated notes

Levels and vault maps discovered:
D:1:      minmay_arrival_checkered_box, layout_basic, serial_shops, shop,
          minmay_small_reverse_x
D:2:      wander_river, layout_loops_corners, eino_tiny_chamber, uniq_natasha
D:3:      layout_basic, dancing_weapons_uskayaw, jmf_multi_god_temple,
          serial_shops, shop_fountains, shapermc_ecumenical_altar_rom_forum,
          kennysheep_generic_room_7
D:4:      layout_rooms, kiku_gazebo_pond_becter, minitemple, grunt_ministairs_3,
          minmay_misc_feat_more_columns, uniq_sigmund, uniq_duvessa

Skill      XL: |  1  2  3  4  5 |
---------------+----------------+-----
Stealth        | 3 4 |  4.0
Dodging        | 3 |  3.3
Spellcasting   | 4 |  4.4
Poison Magic   | 4 |  4.2
Axes           | 1 |  1.5
Transmutations | 2 |  2.1
Fighting       | 1 |  1.0

Action                     |  1- 3 |  4- 6 || total
---------------------------+-------+-------++-------
  Melee: Unarmed           |    17 |       ||    17
         Hand axe          |    39 |    55 ||    94
         Dagger            |       |     2 ||     2
   Cast: Sting             |    35 |    25 ||    60
    Use: Potion            |       |     2 ||     2
   Stab: Sleeping          |     6 |     5 ||    11
 Armour: Robe              |    20 |    20 ||    40
  Dodge: Dodged            |    67 |    75 ||   142

Table legend: (Time is in decaauts)
 A = Elapsed time spent in this place.
 B = Non-inter-level travel time spent in this place.
 C = Inter-level travel time spent in this place.
 D = Time resting spent in this place.
 E = Time spent auto-exploring this place.
 F = Levels seen in this place.
 G = Mean time per level.
                   A        B        C        D        E       F      G
               +--------+--------+--------+--------+--------+-----+--------+
         Total |   3306 |   3250 |     56 |    453 |   2065 |   4 |  826.5 |
       Dungeon |   3306 |   3250 |     56 |    453 |   2065 |   4 |  826.5 |
               +--------+--------+--------+--------+--------+-----+--------+

Top non-repeatable levels by time:
     D:2: 1282 daAuts
     D:3: 998 daAuts
     D:1: 997 daAuts
     D:4: 27 daAuts
